Wild vs Ducks

Created - March 10 2011 at 18:15

Goals
1 2 3 T
Wild 1 0 0 1
Ducks 2 0 1 3
Shots
1 2 3 T
Wild 8 7 2 17
Ducks 12 4 11 27

Period #1

1. Wild , Daniel Alfredsson 35 (Mark Eaton) at 0:26
2. Ducks , Kurtis Foster 10 (Brandon Dubinsky, Nick Schultz) at 5:08 (PP)
3. Ducks , Jakub Voracek 13 (Jonathan Toews) at 19:07 (PP)

Penalties :
Rob Niedermayer (MIN) for High sticking (Minor) at 4:27, Jan Hejda (MIN) for Hooking (Minor) at 5:22, Nick Schultz (ANA) for Interference (Minor) at 9:16, Michal Rozsival (MIN) for Interference (Minor) at 13:01, Christian Hanson (ANA) for Fighting (Major) at 15:25, Joe Pavelski (MIN) for Fighting (Major) at 15:25, Henrik Tallinder (ANA) for Fighting (Major) at 15:25, Martin St. Louis (MIN) for Fighting (Major) at 15:25, Henrik Tallinder (ANA) for instigated a fight (Game Misconduct) at 15:25, Dominic Moore (ANA) for High sticking (Minor) at 15:25, Rob Scuderi (ANA) for High sticking (Minor) at 15:25, Michal Rozsival (MIN) for Slashing (Double Minor) at 15:25, Ryan Whitney (MIN) for Cross-checking (Minor) at 15:25, Bryan Little (ANA) for Roughing (Minor) at 15:25, Rob Scuderi (ANA) for Roughing (Minor) at 19:28

Period #2

No Goal

Penalties :
Stephane Yelle (MIN) for Interference (Minor) at 1:46, Rob Scuderi (ANA) for Holding (Minor) at 4:43, Tom Poti (ANA) for Boarding (Minor) at 5:00, Rob Scuderi (ANA) for Hooking (Minor) at 7:17, Stephane Yelle (MIN) for Hooking (Minor) at 9:27, Alexei Ponikarovsky (MIN) for Hooking (Minor) at 13:04, Mark Eaton (MIN) for Hooking (Minor) at 18:45

Period #3

4. Ducks , David Clarkson 18 (Andy McDonald, Tom Poti) at 11:09

Penalties :
David Clarkson (ANA) for Hooking (Minor) at 7:23

Goalie Stats

Ilya Bryzgalov (MIN), 24 saves from 27 shots - (0.889), L, 35-23-5, 60:00 minutes
Jonas Hiller (ANA), 16 saves from 17 shots - (0.941), W, 13-9-2, 60:00 minutes

Players Stats

Wild
Player Name              G  A  P  +/- PIM S  H  SB FO    MP 
------------------------------------------------------------
Aaron Ward               0  0  0   0  0   0  1  2  0/0   10 
Alexei Ponikarovsky      0  0  0   0  2   1  2  0  1/2   15 
Brian Willsie            0  0  0   0  0   1  0  0  0/0   17 
Chris Drury              0  0  0   0  0   0  1  2  13/28 20 
Daniel Alfredsson        1  0  1   0  0   3  0  1  3/5   19 
Freddy Meyer             0  0  0   0  0   1  2  1  0/0   19 
Jan Hejda                0  0  0   0  2   0  1  1  0/0   21 
Jay Leach                0  0  0  -1  2   0  0  0  0/0   1  
Joe Pavelski             0  0  0   0  5   1  0  1  9/18  19 
Mark Eaton               0  1  1   1  2   1  0  0  0/0   20 
Martin St. Louis         0  0  0   0  5   2  0  0  0/1   18 
Michal Rozsival          0  0  0   0  6   0  4  0  0/0   21 
Milan Hejduk             0  0  0   0  0   2  1  0  0/0   17 
Olli Jokinen             0  0  0   0  0   1  1  0  2/5   7  
Rob Niedermayer          0  0  0   0  2   3  0  0  10/20 17 
Robert Lang              0  0  0   0  0   0  0  0  1/1   5  
Ryan Whitney             0  0  0   0  2   0  1  1  0/0   22 
Stephane Yelle           0  0  0   0  4   1  1  0  0/0   16 
Ducks
Player Name              G  A  P  +/- PIM S  H  SB FO    MP 
------------------------------------------------------------
Andy McDonald            0  1  1   1  0   2  0  1  9/22  19 
Brandon Dubinsky         0  1  1  -1  0   2  0  0  2/4   22 
Bryan Little             0  0  0   0  2   2  0  0  0/0   8  
Christian Hanson         0  0  0   0  5   0  2  0  2/3   7  
David Clarkson           1  0  1   1  2   3  7  0  0/1   17 
David Perron             0  0  0   0  0   0  0  0  1/2   17 
Dominic Moore            0  0  0   0  2   1  1  0  0/1   15 
Dustin Byfuglien         0  0  0  -1  0   0  1  0  0/0   10 
Henrik Tallinder         0  0  0   0  15  1  0  0  0/0   4  
Jakub Voracek            1  0  1   0  0   3  0  0  1/1   16 
Jonathan Toews           0  1  1  -1  0   6  0  0  17/27 21 
Kurtis Foster            1  0  1  -1  0   2  1  0  0/0   22 
Manny Malhotra           0  0  0   0  0   2  0  0  8/17  14 
Marc-Edouard Vlasic      0  0  0  -1  0   1  3  0  0/0   22 
Nick Schultz             0  1  1   0  2   0  1  1  0/0   21 
Richard Park             0  0  0   1  0   0  0  1  1/2   11 
Rob Scuderi              0  0  0   1  8   0  2  0  0/0   18 
Tom Poti                 0  1  1   1  2   2  2  0  0/0   21 

3 Stars

1 - David Clarkson (ANA)
2 - Jonas Hiller (ANA)
3 - Daniel Alfredsson (MIN)

Power Play

Wild - 0 on 8 Attempt(s) - 0.00%
Ducks - 2 on 7 Attempt(s) - 28.57%

Penalty Kill

Wild - 5 on 7 Attempt(s) - 71.43% - Score 0 goal in Penalty Kill
Ducks - 8 on 8 Attempt(s) - 100.00% - Score 0 goal in Penalty Kill

Game Notes

General Fight at 15:25 of 1st period
Joe Pavelski beats up Christian Hanson at 15:25 of 1st period
Henrik Tallinder and Martin St. Louis fight to a draw at 15:25 of 1st period
Henrik Tallinder ejected from game at 15:25 of 1st period

Finance

Level 1 -- Attendance: 4877 (75.03%) -- Ticket Income $487,700.00
Level 2 -- Attendance: 3559 (71.18%) -- Ticket Income $213,540.00
Level 3 -- Attendance: 3096 (88.46%) -- Ticket Income $108,360.00
Level 4 -- Attendance: 1174 (100.00%) -- Ticket Income $23,480.00
Luxury Box -- Attendance: 827 (82.70%) -- Ticket Income $165,400.00
Game was played at the Honda Center
Total Attendance: 13533 (78.80%)
Total Ticket Income: $1,039,198.00
Other Income: $196,425.90
Total Income: $1,235,624.00


Play by Play

Period #1

0:01 of 1st period - Jonathan Toews wins face-off versus Chris Drury in neutral zone.
0:14 of 1st period - Shot by Brandon Dubinsky.
0:14 of 1st period - Shot Misses the Net.
0:21 of 1st period - Daniel Alfredsson is hit by Marc-Edouard Vlasic and loses puck.
0:26 of 1st period - Shot by Daniel Alfredsson.
0:26 of 1st period - Goal by Daniel Alfredsson - Wild : 1 - Ducks : 0.
0:27 of 1st period - Andy McDonald wins face-off versus Joe Pavelski in neutral zone.
0:49 of 1st period - Icing by Tom Poti.
0:50 of 1st period - Andy McDonald wins face-off versus Rob Niedermayer in Ducks zone.
1:13 of 1st period - Shot by Brian Willsie.
1:13 of 1st period - Stopped by Jonas Hiller without a rebound.
1:14 of 1st period - Chris Drury wins face-off versus Jonathan Toews in Ducks zone.
1:21 of 1st period - Shot by Daniel Alfredsson.
1:21 of 1st period - Stopped by Jonas Hiller without a rebound.
1:22 of 1st period - Manny Malhotra wins face-off versus Joe Pavelski in Ducks zone.
1:22 of 1st period - Manny Malhotra is hit by Milan Hejduk.
1:35 of 1st period - Icing by Michal Rozsival.
1:36 of 1st period - Brandon Dubinsky wins face-off versus Joe Pavelski in Wild zone.
1:36 of 1st period - Brandon Dubinsky is hit by Michal Rozsival.
1:39 of 1st period - Dustin Byfuglien is hit by Michal Rozsival and loses puck.
1:42 of 1st period - Shot by Brandon Dubinsky.
1:42 of 1st period - Stopped by Ilya Bryzgalov without a rebound.
1:43 of 1st period - David Perron wins face-off versus Chris Drury in Wild zone.
1:55 of 1st period - Shot by David Perron.
1:55 of 1st period - Deflect By Jakub Voracek.
1:55 of 1st period - Shot Misses the Net.
1:57 of 1st period - Shot by Manny Malhotra.
1:57 of 1st period - Shot Blocked by Chris Drury.
1:59 of 1st period - Shot by David Perron.
1:59 of 1st period - Shot Blocked by Daniel Alfredsson.
2:01 of 1st period - Shot by Henrik Tallinder.
2:01 of 1st period - Stopped by Ilya Bryzgalov without a rebound.
2:02 of 1st period - Jonathan Toews wins face-off versus Rob Niedermayer in Wild zone.
2:24 of 1st period - Icing by Freddy Meyer.
2:25 of 1st period - Rob Niedermayer wins face-off versus Andy McDonald in Wild zone.
2:56 of 1st period - Shot by Daniel Alfredsson.
2:56 of 1st period - Shot Blocked by Richard Park.
3:41 of 1st period - Shot by Milan Hejduk.
3:41 of 1st period - Shot Misses the Net.
3:44 of 1st period - Icing by Tom Poti.
3:45 of 1st period - Andy McDonald wins face-off versus Martin St. Louis in Ducks zone.
3:47 of 1st period - Icing by Tom Poti.
3:48 of 1st period - Joe Pavelski wins face-off versus Andy McDonald in Ducks zone.
4:25 of 1st period - Shot by Martin St. Louis.
4:25 of 1st period - Stopped by Jonas Hiller without a rebound.
4:26 of 1st period - Manny Malhotra wins face-off versus Rob Niedermayer in Ducks zone.
4:26 of 1st period - Manny Malhotra is hit by Stephane Yelle.
4:27 of 1st period - Minor Penalty to Rob Niedermayer for High sticking.
4:28 of 1st period - Jonathan Toews wins face-off versus Chris Drury in Wild zone.
4:52 of 1st period - Shot by Marc-Edouard Vlasic.
4:52 of 1st period - Stopped by Ilya Bryzgalov without a rebound.
4:53 of 1st period - Jonathan Toews wins face-off versus Chris Drury in Wild zone.
4:58 of 1st period - Shot by Kurtis Foster.
4:58 of 1st period - Shot Misses the Net.
5:00 of 1st period - Shot by Nick Schultz.
5:00 of 1st period - Shot Misses the Net.
5:02 of 1st period - Shot by Nick Schultz.
5:02 of 1st period - Shot Misses the Net.
5:08 of 1st period - Shot by Kurtis Foster.
5:08 of 1st period - Goal by Kurtis Foster - Wild : 1 - Ducks : 1.
5:09 of 1st period - Manny Malhotra wins face-off versus Joe Pavelski in neutral zone.
5:22 of 1st period - Minor Penalty to Jan Hejda for Hooking.
5:23 of 1st period - Chris Drury wins face-off versus Jonathan Toews in Wild zone.
8:17 of 1st period - Shot by Andy McDonald.
8:17 of 1st period - Shot Misses the Net.
8:19 of 1st period - Shot by Jonathan Toews.
8:19 of 1st period - Shot Blocked by Ryan Whitney.
8:21 of 1st period - Shot by Dustin Byfuglien.
8:21 of 1st period - Shot Misses the Net.
8:23 of 1st period - Shot by Jonathan Toews.
8:23 of 1st period - Stopped by Ilya Bryzgalov without a rebound.
8:24 of 1st period - Jonathan Toews wins face-off versus Rob Niedermayer in Wild zone.
9:16 of 1st period - Minor Penalty to Nick Schultz for Interference.
9:17 of 1st period - Manny Malhotra wins face-off versus Olli Jokinen in Ducks zone.
11:43 of 1st period - Brian Willsie is hit by Christian Hanson and loses puck.
11:50 of 1st period - Shot by Dominic Moore.
11:50 of 1st period - Stopped by Ilya Bryzgalov without a rebound.
11:51 of 1st period - Joe Pavelski wins face-off versus Jonathan Toews in Wild zone.
11:55 of 1st period - Icing by Martin St. Louis.
11:56 of 1st period - Jakub Voracek wins face-off versus Joe Pavelski in Wild zone.
11:56 of 1st period - David Perron is hit by Michal Rozsival and loses puck.
13:01 of 1st period - Minor Penalty to Michal Rozsival for Interference.
13:02 of 1st period - Jonathan Toews wins face-off versus Rob Niedermayer in Wild zone.
13:29 of 1st period - Shot by Jonathan Toews.
13:29 of 1st period - Stopped by Ilya Bryzgalov without a rebound.
13:30 of 1st period - Andy McDonald wins face-off versus Chris Drury in Wild zone.
13:40 of 1st period - Shot by Andy McDonald.
13:40 of 1st period - Stopped by Ilya Bryzgalov without a rebound.
13:41 of 1st period - Chris Drury wins face-off versus Andy McDonald in Wild zone.
13:57 of 1st period - Icing by Andy McDonald.
13:58 of 1st period - Chris Drury wins face-off versus Andy McDonald in Ducks zone.
14:01 of 1st period - Shot by Mark Eaton.
14:01 of 1st period - Stopped by Jonas Hiller without a rebound.
14:02 of 1st period - Jonathan Toews wins face-off versus Rob Niedermayer in Ducks zone.
15:25 of 1st period - Joe Pavelski beats up Christian Hanson.
15:25 of 1st period - Penalty to Christian Hanson for Fighting.
15:25 of 1st period - Penalty to Joe Pavelski for Fighting.
15:25 of 1st period - Henrik Tallinder and Martin St. Louis fight to a draw.
15:25 of 1st period - Penalty to Henrik Tallinder for Fighting.
15:25 of 1st period - Penalty to Martin St. Louis for Fighting.
15:25 of 1st period - Penalty to Henrik Tallinder for instigated a fight.
15:25 of 1st period - Henrik Tallinder is ejected from game.
15:25 of 1st period - Minor Penalty to Dominic Moore for High sticking.
15:25 of 1st period - Minor Penalty to Rob Scuderi for High sticking.
15:25 of 1st period - Double Minor Penalty to Michal Rozsival for Slashing.
15:25 of 1st period - Minor Penalty to Ryan Whitney for Cross-checking.
15:25 of 1st period - Minor Penalty to Bryan Little for Roughing.
15:26 of 1st period - Olli Jokinen wins face-off versus Jonathan Toews in Ducks zone.
15:43 of 1st period - Shot by Freddy Meyer.
15:43 of 1st period - Stopped by Jonas Hiller without a rebound.
15:44 of 1st period - Daniel Alfredsson wins face-off versus Jonathan Toews in Ducks zone.
16:37 of 1st period - Shot by Jan Hejda.
16:37 of 1st period - Shot Misses the Net.
16:41 of 1st period - Shot by Alexei Ponikarovsky.
16:41 of 1st period - Stopped by Jonas Hiller without a rebound.
16:42 of 1st period - Chris Drury wins face-off versus Andy McDonald in Ducks zone.
16:43 of 1st period - Shot by Olli Jokinen.
16:43 of 1st period - Shot Misses the Net.
16:47 of 1st period - Shot by Olli Jokinen.
16:47 of 1st period - Stopped by Jonas Hiller with a rebound.
17:03 of 1st period - Shot by Chris Drury.
17:03 of 1st period - Shot Misses the Net.
17:41 of 1st period - Shot by David Clarkson.
17:41 of 1st period - Stopped by Ilya Bryzgalov without a rebound.
17:42 of 1st period - Rob Niedermayer wins face-off versus Andy McDonald in Wild zone.
18:39 of 1st period - Shot by Tom Poti.
18:39 of 1st period - Shot Misses the Net.
18:43 of 1st period - Shot by Brandon Dubinsky.
18:43 of 1st period - Shot Misses the Net.
18:47 of 1st period - Shot by Kurtis Foster.
18:47 of 1st period - Stopped by Ilya Bryzgalov without a rebound.
18:48 of 1st period - Jonathan Toews wins face-off versus Daniel Alfredsson in Wild zone.
19:05 of 1st period - Shot by Jonathan Toews.
19:05 of 1st period - Stopped by Ilya Bryzgalov without a rebound.
19:06 of 1st period - Jonathan Toews wins face-off versus Rob Niedermayer in Wild zone.
19:07 of 1st period - Shot by Jakub Voracek.
19:07 of 1st period - Goal by Jakub Voracek - Wild : 1 - Ducks : 2.
19:08 of 1st period - Manny Malhotra wins face-off versus Daniel Alfredsson in neutral zone.
19:21 of 1st period - Icing by Dominic Moore.
19:22 of 1st period - Daniel Alfredsson wins face-off versus Manny Malhotra in Ducks zone.
19:22 of 1st period - Ryan Whitney is hit by Rob Scuderi and loses puck.
19:28 of 1st period - Minor Penalty to Rob Scuderi for Roughing.
19:29 of 1st period - Robert Lang wins face-off versus Manny Malhotra in Ducks zone.

Period #2

0:01 of 2nd period - Jonathan Toews wins face-off versus Chris Drury in neutral zone.
0:13 of 2nd period - Shot by Jonathan Toews.
0:13 of 2nd period - Shot Misses the Net.
0:17 of 2nd period - Shot by Jonathan Toews.
0:17 of 2nd period - Stopped by Ilya Bryzgalov without a rebound.
0:18 of 2nd period - Daniel Alfredsson wins face-off versus Andy McDonald in Wild zone.
0:18 of 2nd period - Daniel Alfredsson is hit by David Clarkson.
1:05 of 2nd period - Icing by Joe Pavelski.
1:06 of 2nd period - Joe Pavelski wins face-off versus Manny Malhotra in Wild zone.
1:27 of 2nd period - Shot by Alexei Ponikarovsky.
1:27 of 2nd period - Deflect By Daniel Alfredsson.
1:27 of 2nd period - Shot Blocked by Nick Schultz.
1:29 of 2nd period - Shot by Aaron Ward.
1:29 of 2nd period - Shot Misses the Net.
1:31 of 2nd period - Shot by Stephane Yelle.
1:31 of 2nd period - Stopped by Jonas Hiller without a rebound.
1:32 of 2nd period - Rob Niedermayer wins face-off versus Christian Hanson in Ducks zone.
1:45 of 2nd period - Shot by Rob Niedermayer.
1:45 of 2nd period - Shot Misses the Net.
1:46 of 2nd period - Minor Penalty to Stephane Yelle for Interference.
1:47 of 2nd period - Andy McDonald wins face-off versus Chris Drury in Wild zone.
3:04 of 2nd period - Shot by Tom Poti.
3:04 of 2nd period - Shot Misses the Net.
3:06 of 2nd period - Shot by Brandon Dubinsky.
3:06 of 2nd period - Shot Blocked by Freddy Meyer.
3:08 of 2nd period - Shot by Tom Poti.
3:08 of 2nd period - Shot Misses the Net.
3:58 of 2nd period - Shot by Joe Pavelski.
3:58 of 2nd period - Shot Misses the Net.
4:30 of 2nd period - Chris Drury is hit by Nick Schultz and loses puck.
4:43 of 2nd period - Minor Penalty to Rob Scuderi for Holding.
4:44 of 2nd period - Manny Malhotra wins face-off versus Olli Jokinen in Ducks zone.
5:00 of 2nd period - Minor Penalty to Tom Poti for Boarding.
5:01 of 2nd period - Joe Pavelski wins face-off versus Manny Malhotra in Ducks zone.
5:30 of 2nd period - Shot by Milan Hejduk.
5:30 of 2nd period - Stopped by Jonas Hiller with a rebound.
7:06 of 2nd period - Icing by Rob Niedermayer.
7:07 of 2nd period - Richard Park wins face-off versus Rob Niedermayer in Wild zone.
7:17 of 2nd period - Minor Penalty to Rob Scuderi for Hooking.
7:18 of 2nd period - Brandon Dubinsky wins face-off versus Alexei Ponikarovsky in Ducks zone.
7:54 of 2nd period - Icing by Mark Eaton.
7:55 of 2nd period - Jonathan Toews wins face-off versus Olli Jokinen in Wild zone.
8:27 of 2nd period - Shot by Brandon Dubinsky.
8:27 of 2nd period - Shot Misses the Net.
8:43 of 2nd period - Andy McDonald is hit by Michal Rozsival and loses puck.
9:27 of 2nd period - Minor Penalty to Stephane Yelle for Hooking.
9:28 of 2nd period - Jonathan Toews wins face-off versus Chris Drury in Wild zone.
9:45 of 2nd period - Chris Drury is hit by Marc-Edouard Vlasic and loses puck.
10:54 of 2nd period - Icing by Jonathan Toews.
10:55 of 2nd period - Jonathan Toews wins face-off versus Chris Drury in Ducks zone.
11:35 of 2nd period - Brandon Dubinsky is hit by Olli Jokinen and loses puck.
11:46 of 2nd period - Shot by Milan Hejduk.
11:46 of 2nd period - Shot Misses the Net.
11:50 of 2nd period - Shot by Milan Hejduk.
11:50 of 2nd period - Stopped by Jonas Hiller without a rebound.
11:51 of 2nd period - Rob Niedermayer wins face-off versus Manny Malhotra in Ducks zone.
11:51 of 2nd period - Daniel Alfredsson is hit by Marc-Edouard Vlasic and loses puck.
11:54 of 2nd period - Shot by Rob Niedermayer.
11:54 of 2nd period - Stopped by Jonas Hiller without a rebound.
11:55 of 2nd period - Manny Malhotra wins face-off versus Rob Niedermayer in Ducks zone.
12:44 of 2nd period - Icing by Ryan Whitney.
12:45 of 2nd period - Joe Pavelski wins face-off versus Richard Park in Wild zone.
12:52 of 2nd period - Shot by Martin St. Louis.
12:52 of 2nd period - Shot Misses the Net.
12:56 of 2nd period - Shot by Martin St. Louis.
12:56 of 2nd period - Stopped by Jonas Hiller with a rebound.
13:00 of 2nd period - Shot by Joe Pavelski.
13:00 of 2nd period - Stopped by Jonas Hiller without a rebound.
13:01 of 2nd period - Jonathan Toews wins face-off versus Chris Drury in Ducks zone.
13:01 of 2nd period - Jonathan Toews is hit by Alexei Ponikarovsky.
13:04 of 2nd period - Minor Penalty to Alexei Ponikarovsky for Hooking.
13:05 of 2nd period - Rob Niedermayer wins face-off versus Jonathan Toews in Wild zone.
14:17 of 2nd period - Icing by Jonathan Toews.
14:18 of 2nd period - Rob Niedermayer wins face-off versus Brandon Dubinsky in Ducks zone.
14:35 of 2nd period - Shot by Brandon Dubinsky.
14:35 of 2nd period - Shot Misses the Net.
14:37 of 2nd period - Shot by Tom Poti.
14:37 of 2nd period - Shot Misses the Net.
14:39 of 2nd period - Shot by Brandon Dubinsky.
14:39 of 2nd period - Shot Misses the Net.
15:19 of 2nd period - Shot by Dustin Byfuglien.
15:19 of 2nd period - Shot Misses the Net.
15:23 of 2nd period - Shot by Bryan Little.
15:23 of 2nd period - Stopped by Ilya Bryzgalov without a rebound.
15:24 of 2nd period - Joe Pavelski wins face-off versus Manny Malhotra in Wild zone.
15:34 of 2nd period - Shot by Brandon Dubinsky.
15:34 of 2nd period - Stopped by Ilya Bryzgalov without a rebound.
15:35 of 2nd period - Christian Hanson wins face-off versus Chris Drury in Wild zone.
15:39 of 2nd period - Dominic Moore is hit by Ryan Whitney.
16:29 of 2nd period - Shot by Rob Niedermayer.
16:29 of 2nd period - Stopped by Jonas Hiller without a rebound.
16:30 of 2nd period - Andy McDonald wins face-off versus Joe Pavelski in Ducks zone.
16:52 of 2nd period - Milan Hejduk is hit by Tom Poti and loses puck.
16:58 of 2nd period - Icing by Andy McDonald.
16:59 of 2nd period - Rob Niedermayer wins face-off versus Andy McDonald in Ducks zone.
16:59 of 2nd period - Rob Niedermayer is hit by Dominic Moore.
17:06 of 2nd period - Rob Niedermayer is hit by Tom Poti and loses puck.
17:18 of 2nd period - Off-side.
17:19 of 2nd period - Manny Malhotra wins face-off versus Joe Pavelski in neutral zone.
17:33 of 2nd period - Milan Hejduk is hit by Kurtis Foster.
18:45 of 2nd period - Minor Penalty to Mark Eaton for Hooking.
18:46 of 2nd period - Chris Drury wins face-off versus Andy McDonald in Wild zone.
19:29 of 2nd period - Tom Poti is hit by Chris Drury and loses puck.
19:44 of 2nd period - Shot by Jonathan Toews.
19:44 of 2nd period - Stopped by Ilya Bryzgalov with a rebound.
19:46 of 2nd period - Shot by Tom Poti.
19:46 of 2nd period - Shot Misses the Net.
19:48 of 2nd period - Shot by Kurtis Foster.
19:48 of 2nd period - Shot Hit the Post.

Period #3

0:01 of 3rd period - Jonathan Toews wins face-off versus Chris Drury in neutral zone.
1:32 of 3rd period - Ryan Whitney is hit by Christian Hanson and loses puck.
2:11 of 3rd period - Shot by Rob Niedermayer.
2:11 of 3rd period - Shot Misses the Net.
3:00 of 3rd period - Shot by David Perron.
3:00 of 3rd period - Shot Misses the Net.
3:02 of 3rd period - Shot by Manny Malhotra.
3:02 of 3rd period - Shot Blocked by Chris Drury.
3:11 of 3rd period - Tom Poti is hit by Alexei Ponikarovsky.
3:18 of 3rd period - Icing by Mark Eaton.
3:19 of 3rd period - Chris Drury wins face-off versus Andy McDonald in Wild zone.
3:19 of 3rd period - Chris Drury is hit by David Clarkson.
3:48 of 3rd period - Michal Rozsival is hit by David Clarkson and loses puck.
5:01 of 3rd period - Rob Niedermayer is hit by Dustin Byfuglien and loses puck.
5:10 of 3rd period - Shot by Brandon Dubinsky.
5:10 of 3rd period - Shot Blocked by Aaron Ward.
5:30 of 3rd period - Shot by Brandon Dubinsky.
5:30 of 3rd period - Shot Misses the Net.
5:56 of 3rd period - Icing by Brandon Dubinsky.
5:57 of 3rd period - Chris Drury wins face-off versus Manny Malhotra in Ducks zone.
6:50 of 3rd period - Shot by Andy McDonald.
6:50 of 3rd period - Shot Misses the Net.
6:52 of 3rd period - Shot by Tom Poti.
6:52 of 3rd period - Stopped by Ilya Bryzgalov without a rebound.
6:53 of 3rd period - Joe Pavelski wins face-off versus Andy McDonald in Wild zone.
7:23 of 3rd period - Minor Penalty to David Clarkson for Hooking.
7:24 of 3rd period - Jonathan Toews wins face-off versus Joe Pavelski in Ducks zone.
8:12 of 3rd period - Shot by Daniel Alfredsson.
8:12 of 3rd period - Stopped by Jonas Hiller without a rebound.
8:13 of 3rd period - Olli Jokinen wins face-off versus Jonathan Toews in Ducks zone.
9:59 of 3rd period - Icing by Mark Eaton.
10:00 of 3rd period - Rob Niedermayer wins face-off versus David Perron in Wild zone.
10:47 of 3rd period - Icing by Kurtis Foster.
10:48 of 3rd period - Chris Drury wins face-off versus Manny Malhotra in Ducks zone.
11:09 of 3rd period - Shot by David Clarkson.
11:09 of 3rd period - Goal by David Clarkson - Wild : 1 - Ducks : 3.
11:10 of 3rd period - Andy McDonald wins face-off versus Joe Pavelski in neutral zone.
11:19 of 3rd period - Shot by Andy McDonald.
11:19 of 3rd period - Shot Misses the Net.
11:23 of 3rd period - Shot by Andy McDonald.
11:23 of 3rd period - Shot Misses the Net.
11:31 of 3rd period - Shot by Andy McDonald.
11:31 of 3rd period - Stopped by Ilya Bryzgalov without a rebound.
11:32 of 3rd period - Christian Hanson wins face-off versus Chris Drury in Wild zone.
11:32 of 3rd period - Christian Hanson is hit by Jan Hejda.
11:34 of 3rd period - Shot by Bryan Little.
11:34 of 3rd period - Stopped by Ilya Bryzgalov without a rebound.
11:35 of 3rd period - Chris Drury wins face-off versus Dominic Moore in Wild zone.
13:00 of 3rd period - Shot by Jonathan Toews.
13:00 of 3rd period - Shot Blocked by Joe Pavelski.
13:02 of 3rd period - Shot by Brandon Dubinsky.
13:02 of 3rd period - Shot Misses the Net.
13:48 of 3rd period - Shot by Brandon Dubinsky.
13:48 of 3rd period - Shot Misses the Net.
13:52 of 3rd period - Shot by David Clarkson.
13:52 of 3rd period - Stopped by Ilya Bryzgalov with a rebound.
14:27 of 3rd period - Brian Willsie is hit by David Clarkson.
14:41 of 3rd period - Shot by Rob Niedermayer.
14:41 of 3rd period - Shot Misses the Net.
14:43 of 3rd period - Shot by Rob Niedermayer.
14:43 of 3rd period - Stopped by Jonas Hiller without a rebound.
14:44 of 3rd period - Chris Drury wins face-off versus Jonathan Toews in Ducks zone.
14:56 of 3rd period - Off-side.
14:57 of 3rd period - Chris Drury wins face-off versus Manny Malhotra in neutral zone.
15:16 of 3rd period - Shot by Manny Malhotra.
15:16 of 3rd period - Stopped by Ilya Bryzgalov without a rebound.
15:17 of 3rd period - Chris Drury wins face-off versus Andy McDonald in Wild zone.
15:34 of 3rd period - Shot by Alexei Ponikarovsky.
15:34 of 3rd period - Shot Blocked by Andy McDonald.
15:36 of 3rd period - Shot by Chris Drury.
15:36 of 3rd period - Deflect By Daniel Alfredsson.
15:36 of 3rd period - Shot Misses the Net.
15:45 of 3rd period - Icing by Daniel Alfredsson.
15:46 of 3rd period - Andy McDonald wins face-off versus Chris Drury in Wild zone.
15:53 of 3rd period - Shot by Tom Poti.
15:53 of 3rd period - Stopped by Ilya Bryzgalov without a rebound.
15:54 of 3rd period - Jonathan Toews wins face-off versus Rob Niedermayer in Wild zone.
15:59 of 3rd period - Shot by Jonathan Toews.
15:59 of 3rd period - Stopped by Ilya Bryzgalov without a rebound.
16:00 of 3rd period - Rob Niedermayer wins face-off versus Andy McDonald in Wild zone.
16:00 of 3rd period - Freddy Meyer is hit by David Clarkson and loses puck.
16:10 of 3rd period - Richard Park is hit by Aaron Ward.
16:13 of 3rd period - Andy McDonald is hit by Freddy Meyer and loses puck.
16:39 of 3rd period - David Perron is hit by Freddy Meyer and loses puck.
16:48 of 3rd period - Shot by Jakub Voracek.
16:48 of 3rd period - Shot Blocked by Aaron Ward.
16:50 of 3rd period - Shot by David Perron.
16:50 of 3rd period - Deflect By Jakub Voracek.
16:50 of 3rd period - Stopped by Ilya Bryzgalov without a rebound.
16:51 of 3rd period - Joe Pavelski wins face-off versus Jonathan Toews in Wild zone.
17:53 of 3rd period - Shot by Dominic Moore.
17:53 of 3rd period - Shot Blocked by Jan Hejda.
17:55 of 3rd period - Shot by Manny Malhotra.
17:55 of 3rd period - Stopped by Ilya Bryzgalov without a rebound.
17:56 of 3rd period - Joe Pavelski wins face-off versus David Clarkson in Wild zone.
17:56 of 3rd period - Joe Pavelski is hit by David Clarkson.
18:05 of 3rd period - Martin St. Louis is hit by Rob Scuderi and loses puck.
18:10 of 3rd period - Shot by Joe Pavelski.
18:10 of 3rd period - Shot Misses the Net.
18:17 of 3rd period - Icing by Rob Scuderi.
18:18 of 3rd period - Andy McDonald wins face-off versus Chris Drury in Ducks zone.
18:39 of 3rd period - Shot by Jakub Voracek.
18:39 of 3rd period - Stopped by Ilya Bryzgalov without a rebound.
18:40 of 3rd period - Rob Niedermayer wins face-off versus Brandon Dubinsky in Wild zone.
19:06 of 3rd period - Off-side.
19:07 of 3rd period - Alexei Ponikarovsky wins face-off versus Jonathan Toews in neutral zone.
19:45 of 3rd period - Daniel Alfredsson is hit by David Clarkson.


Output by the SimonT Hockey Simulator (STHS) for Stephane Roy -- Original Page W3C XHTML 1.0 Valid